 Dungeon Crawl Stone Soup version 0.17-a0-1882-g750edc8 (webtiles) character file.

28 Oddball22 the Grasshopper (level 2, 0/22 HPs)
             Began as a Demonspawn Warper on Sept 23, 2015.
             Succumbed to an adder's poison
             ... on level 2 of the Dungeon.
             The game lasted 00:03:46 (1435 turns).

Oddball22 the Grasshopper (Demonspawn Warper)       Turns: 1435, Time: 00:03:46

Health: 0/22       AC:  3    Str: 11    XL:     2   Next: 96%
Magic:  5/5        EV: 12    Int: 14    God:
Gold:   53         SH:  0    Dex: 14    Spells: 3 memorised, 0 levels left

rFire  . . .     SeeInvis .     a - +0 spear
rCold  . . .     Clarity  .     b - +0 leather armour
rNeg   . . .     SustAt   .     (no shield)
rPois  .         Gourm    .     (no helmet)
rElec  .         Spirit   .     (no cloak)
rCorr  .         Warding  .     (no gloves)
rMut   .         Stasis   .     (no boots)
MR     .....                    (no amulet)
Stlth  ++........               (no ring)
                                (no ring)

@: lethally poisoned (0 -> -7), not resistant to hostile enchantments,
unstealthy
A: thin skeletal structure 1
a: no special abilities


You were on level 2 of the Dungeon.
You were hungry.

You visited 1 branch of the dungeon, and saw 2 of its levels.

You collected 53 gold pieces.

Inventory:

Hand weapons
 a - a +0 spear (weapon)
Missiles
 e - 5 tomahawks of dispersal (quivered)
Armour
 b - a +0 leather armour (worn)
Scrolls
 d - a scroll of blinking
 g - a scroll of random uselessness {unknown}
 i - a scroll of enchant weapon {unknown}
 j - a scroll of recharging {unknown}
 k - a scroll of remove curse {unknown}
Books
 c - a book of Spatial Translocations

   Spells                             Type                      Level
   a - Apportation                    Translocation                1
   b - Blink                          Translocation                2
   c - Shroud of Golubria             Charms/Translocation         2
   d - Portal Projectile              Translocation                3
   e - Teleport Other                 Translocation                3
   f - Passage of Golubria            Translocation                4
Comestibles
 f - a bread ration
 h - a meat ration


   Skills:
 + Level 2.2 Fighting
 - Level 1.7 Polearms
 - Level 0.8 Throwing
 + Level 1.8 Armour
 + Level 2.0 Dodging
 - Level 2.0 Spellcasting
 * Level 3.0 Translocations


You couldn't memorise any spells.
You knew the following spells:

 Your Spells              Type           Power        Failure   Level  Hunger
a - Apportation           Tloc           #.........   10%         1    ##.....
b - Blink                 Tloc           N/A          14%         2    ###....
c - Shroud of Golubria    Chrm/Tloc      #.........   24%         2    ###....


Dungeon Overview and Level Annotations

Branches:
Dungeon (2/15)

Altars:
Fedhas
Qazlal
Zin


Innate Abilities, Weirdness & Mutations

You have a somewhat thin skeletal structure (Dex +2, Stealth).


Message History

* * * LOW HITPOINT WARNING * * *
You feel sick. The adder closely misses you.
You hit the adder.
You kill the adder!
Your Translocations skill increases to level 3!
* * * LOW HITPOINT WARNING * * *
You feel sick.
You see here an adder corpse.
You butcher the adder corpse.
* * * LOW HITPOINT WARNING * * *
You feel sick.
Things that are here:
2 chunks of flesh; an adder skeleton
There is a lethal amount of poison in your body!
You aren't carrying any potions.
You aren't carrying any potions.
You aren't carrying any potions.
There is a lethal amount of poison in your body!
There is a lethal amount of poison in your body!
You die...

####### #.....# #.###.#
#.# #.# #.# #.#
######### #.#
#.###########........
#.#
#.......<............
#(#
######.^^....PP......
#.# ##.#≈≈.@PPP..#
##.## #.._....._P..#
#.#)######≈#≈≈≈..PPP..#
.###.....§.#.....PP...#
## ##.#.........##.#..#
.###.##.#####..###%#..#
..#.###.# #..# #.#..#
.#.## #.# #... ..# .?
.### #.# #.###### #..


There were no monsters in sight!

Vanquished Creatures
  An adder (D:2)
  2 giant cockroaches (D:1)
  5 goblins (D:1)
  A hobgoblin (D:1)
  2 kobolds (D:1)
  2 ball pythons
  4 bats (D:1)
  2 rats (D:1)
19 creatures vanquished.

Notes
Turn   | Place    | Note
--------------------------------------------------------------
     0 | D:1      | Oddball22 the Demonspawn Warper began the quest for the Orb.
     0 | D:1      | Reached XP level 1. HP: 16/16 MP: 3/3
    27 | D:1      | Reached skill level 1 in Armour
   533 | D:1      | Gained mutation: You have a somewhat thin skeletal structure (Dex +2, Stealth). [demonic ancestry]
   533 | D:1      | Reached XP level 2. HP: 19/22 MP: 5/5
  1016 | D:1      | Learned a level 2 spell: Blink
  1019 | D:1      | Learned a level 2 spell: Shroud of Golubria
  1349 | D:2      | Found a glowing silver altar of Zin.
  1350 | D:2      | Noticed an angel
  1387 | D:2      | Found a stormy altar of Qazlal.
  1413 | D:2      | Found a blossoming altar of Fedhas.
  1431 | D:2      | Reached skill level 3 in Translocations
  1433 | D:2      | HP: 1/22 [poisoned by an adder]
  1435 | D:2      | Succumbed to an adder's poison

Vault maps used:
D:1:      dpeg_arrival_brainrot
D:2:      grunt_temple_overflow_forces_of_nature, zin_angel, uniq_natasha,
          uniq_jessica, uniq_iyjb

Action                   || total
-------------------------++-------
Melee: Spear             ||    72
 Stab: Sleeping          ||     3
  Eat: Chunk             ||     1
